 Seeded DCSS version 0.29.0-10-g45618ea6d2 (webtiles) character file.

Game seed: 2603888760015640796 (custom seed)

114 nickcage the Chopper (level 4, -4/39 HPs)
             Began as a Minotaur Abyssal Knight on Sept 1, 2022.
             Was a Priest of Lugonu.
             Succumbed to an orc's poison
             ... on level 3 of the Dungeon.
             The game lasted 00:05:58 (3494 turns).

nickcage the Chopper (Minotaur Abyssal Knight)      Turns: 3494, Time: 00:05:58

Health: -4/39      AC: 11    Str: 19    XL:     4   Next: 66%
Magic:  4/4        EV:  4    Int:  7    God:    Lugonu [***...]
Gold:   115        SH:  7    Dex: 11    Spells: 3/3 levels left

rFire   . . .      SeeInvis .   a - +1 hand axe
rCold   . . .      Faith    .   d - +0 kite shield
rNeg    . . .      Spirit   .   m - +0 plate armour
rPois   .          Reflect  .   (helmet restricted)
rElec   .          Harm     .   v - scarf {repulsion}
rCorr   .          Rampage  .   (no gloves)
Will    .....                   (no boots)
Stlth   ..........              (no amulet)
HPRegen 0.13/turn               (no ring)
MPRegen 0.09/turn               (no ring)

@: lethally poisoned (-4 -> -34), repel missiles
A: horns 2, retaliatory headbutt
a: Renounce Religion, Depart the Abyss, Bend Space, Banish


You were on level 3 of the Dungeon.
You worshipped Lugonu.
Lugonu was most pleased with you.
You visited 1 branch of the dungeon, and saw 4 of its levels.
You visited the Abyss 1 time.

You collected 115 gold pieces.

Inventory:

Hand Weapons
 a - a +1 hand axe (weapon)
 i - a +0 flail
Missiles
 l - a poisoned dart (quivered)
Armour
 b - a +0 leather armour
 d - a +0 kite shield (worn)
 m - a +0 plate armour (worn)
 v - a scarf of repulsion (worn)
Scrolls
 c - 3 scrolls of immolation {unknown}
 e - 2 scrolls of identify {unknown}
 f - 2 scrolls of teleportation {unknown}
 j - a scroll of noise {unknown}
 k - a scroll of brand weapon {unknown}
 n - 2 scrolls of enchant weapon {unknown}
 q - a scroll of vulnerability {unknown}
Potions
 g - 3 potions of brilliance {unknown}
 h - 3 potions of curing {unknown}
 o - 4 potions of attraction {unknown}
 p - a potion of ambrosia {unknown}
 r - 2 potions of magic {unknown}
 s - a potion of flight {unknown}
 t - 2 potions of lignification {unknown}
 u - a potion of cancellation {unknown}


   Skills:
 + Level 3.6 Fighting
 * Level 5.4 Axes
 + Level 2.4 Armour
 - Level 1.1 Dodging
 + Level 2.2 Shields
 - Level 1.7 Invocations


You had 3 spell levels left.
You didn't know any spells.
Your spell library contained the following spells:

 Spells                   Type           Power      Damage    Failure   Level
 Foxfire                  Conj/Fire      0%         2x1d4     100%        1
 Conjure Flame            Conj/Fire      0%         6-21      100%        3
 Inner Flame              Hex/Fire       0%         N/A       100%        3
 Flame Wave               Conj/Fire      0%         2d4       100%        4


Dungeon Overview and Level Annotations

Branches:
Dungeon (4/15)
 Temple: D:4-7

Altars:
Kikubaaqudgha

Shops:
D:1 ?

Annotations:
D:1 572ack
D:4 1 transporter


Innate Abilities, Weirdness & Mutations

You have a pair of horns on your head.
You reflexively headbutt those who attack you in melee.


Message History

The orc is severely wounded.
The orc hits you but does no damage.
You are poisoned.
The gnoll hits you but does no damage. x2; The orc hits you but does no damage.
You are more poisoned.
You hit the orc but do no damage.
The orc is severely wounded.
You feel very sick. The orc hits you but does no damage.
You are more poisoned.
You block the gnoll's attack.
A gnoll comes into view. It is wielding a +0 whip.
You feel very sick.
The gnoll hits you from afar with a +0 spear.
The orc hits you but does no damage.
You are more poisoned.
You climb upwards.
You feel extremely sick.
There is a stone staircase leading down here.
You hit the orc but do no damage. Your headbutt misses the orc.
The orc is severely wounded.
You feel very sick. The orc hits you but does no damage.
You are lethally poisoned!
You closely miss the orc.
The orc is severely wounded.
* * * LOW HITPOINT WARNING * * *
You feel very sick. The orc hits you but does no damage.
You are more poisoned.
You closely miss the orc.
The orc is severely wounded.
* * * LOW HITPOINT WARNING * * *
You feel very sick. The orc hits you but does no damage.
You are more poisoned.
You hit the orc.
You kill the orc!
Lugonu accepts your kill.
You die...

#...#.# #.## #...# ###.....
#...#.# #..# #.#.# ##...##..
#...#.#######.### #.#.###.....#..
#...#...........# #.#.#.......#..
#############.#.# #.#.#.#.....#.(
# #.#.# #.#.#.#.....#..
#############.#.###.#...########.
#...............)).....## #.
#.#############.@...#.## #.
#.#<..#.............#.# #.
#.###.#<###########.#.# ## #.#
#.#.#†#.#...#...#.#
#.###.#.#.#.#.#.###.#.#
......#.#...#.#.# #.#.#
#.#####.#.#.#.#.###.#.########
..# #.#.#.#.#..............# ###
#.#.............######.#


There were no monsters in sight!

Vanquished Creatures
  3 adders
  A white imp (D:3)
  5 worms
  2 dart slugs
  7 orcs
  10 bats
  2 endoplasms (D:1)
  2 giant cockroaches
  5 goblins
  2 hobgoblins (D:3)
  A jackal (D:2)
  3 quokkas
  5 ball pythons
  3 frilled lizards
  4 kobolds
  4 rats
59 creatures vanquished.

Vanquished Creatures (others)
  A human (D:3)
1 creature vanquished.

Grand Total: 60 creatures vanquished

Notes
Turn   | Place    | Note
-------+----------+-------------------------------------------
     0 | Abyss:1  | nickcage the Minotaur Abyssal Knight began the quest for
                  | the Orb.
     0 | Abyss:1  | Reached XP level 1. HP: 19/19 MP: 1/1
     1 | D:1      | Escaped the Abyss
   158 | D:1      | Reached skill level 3 in Axes
   169 | D:1      | Found Lurph's Magic Scroll Emporium.
   360 | D:1      | Reached XP level 2. HP: 20/26 MP: 2/2
  1257 | D:2      | Reached skill level 4 in Axes
  1257 | D:2      | Reached skill level 1 in Shields
  1257 | D:2      | Reached XP level 3. HP: 21/31 MP: 3/3
  1489 | D:2      | Found a faded altar of an unknown god.
  1911 | D:2      | Reached *** piety under Lugonu
  2319 | D:3      | Reached XP level 4. HP: 39/39 MP: 4/4
  2341 | D:3      | Reached skill level 5 in Axes
  2509 | D:3      | Found an ancient bone altar of Kikubaaqudgha.
  2510 | D:3      | Noticed a human
  2512 | D:3      | Killed a human
  3399 | D:4      | Found a transporter.
  3402 | D:4      | Noticed a kobold demonologist
  3494 | D:3      | Succumbed to an orc's poison

Illustrated notes

Levels and vault maps discovered:
D:1:      mainiacjoe_arrival_reflecting_pool, layout_loops_cross, serial_shops,
          nicolae_shop_statue_plus
D:2:      layout_basic, dreamdust_ecumenical_altar_angels_and_demons,
          minmay_tromino_v7
D:3:      layout_basic, tgw_kikubaaqudgha
D:4:      gammafunk_wand_slinger, layout_loops_ring, okawaru_trees_1,
          minmay_misc_feat_enclosed, skrybe_limestone_x,
          hangedman_abyss_or_decor_lesser_grid

Skill      XL: |  1  2  3  4 |
---------------+-------------+-----
Axes           | 3 4 5 |  5.4
Shields        | 1 2 |  2.2
Fighting       | |  3.6
Armour         | |  2.4
Dodging        | |  1.1
Invocations    | |  1.7

Action                   |  1- 3 |  4- 6 || total
-------------------------+-------+-------++-------
Melee: Hand axe          |   119 |    67 ||   186
       Headbutt          |     8 |     8 ||    16
Throw: Dart              |     1 |     2 ||     3
Armor: Leather armour    |    13 |       ||    13
       Plate armour      |    41 |    37 ||    78
Dodge: Dodged            |    32 |    10 ||    42
Block: Kite shield       |    44 |    27 ||    71
